General information
- name: BNet
- type: Ladder team game (AT/RT)
- host: Battle.net
- saver: OLD-RED-WOMAN
map: DragonFalls
- players: 8
- length: 38:41
- speed: Fast
- version: 1.27 W3XP
- replay type: Public
» download(230 KB)
Players
team 1 (winner)
Knight-1 (
teal | 53 APM | 2058 actions | 38:40)
8 Death Knight
3 Death Coil
3 Unholy Aura
1 Animate Dead
1 Death Pact
» actions
| Assign group hotkey | 15 | |
| Basic commands | 2 | |
| Build / train | 49 | |
| Enter build submenu | 19 | |
| Enter hero's abilities submenu | 9 | |
| Give item / drop item | 1 | |
| Remove unit from queue | 2 | |
| Right click | 1263 | |
| Select / deselect | 575 | |
| Select group hotkey | 54 | |
| Use ability | 69 | |
2058 total
» units
| Acolyte | 5 | |
| Ghoul | 6 | |
| Necromancer | 5 | |
| Frost Wyrm | 6 | |
| Goblin Zeppelin | 1 | |
23 total
» upgrades
| Necromancer Training | 1 | |
| Creature Attack | 3 | |
| Freezing Breath | 1 | |
| Creature Carapace | 2 | |
7 total
» buildings
| Crypt | 1 | |
| Ziggurat | 7 | |
| Altar of Darkness | 1 | |
| Tomb of Relics | 1 | |
| Halls of the Dead | 1 | |
| Graveyard | 1 | |
| Black Citadel | 1 | |
| Sacrificial Pit | 1 | |
| Temple of the Damned | 1 | |
| Boneyard | 2 | |
17 total
» build order
00:20 Crypt
00:36 Ziggurat
00:49 Altar of Darkness
01:10 Ziggurat
01:22 Tomb of Relics
02:37 Halls of the Dead
02:58 Graveyard
05:00 Ziggurat
05:03 Ziggurat
05:17 Black Citadel
06:28 Sacrificial Pit
06:32 Temple of the Damned
06:41 Ziggurat
06:45 Ziggurat
07:48 Boneyard
07:50 Boneyard
11:52 Ziggurat
» items
| Rod of Necromancy | 1 | |
| Scroll of Town Portal | 3 | |
| Orb of Corruption | 1 | |
| Potion of Healing | 1 | |
6 total
OLD-RED-WOMAN (
blue | 63 APM | 2428 actions | 38:41)
4 Blademaster
2 Wind Walk
2 Critical Strike
3 Shadow Hunter
1 Hex
2 Healing Wave
» actions
| Assign group hotkey | 37 | |
| Basic commands | 170 | |
| Build / train | 60 | |
| Enter build submenu | 29 | |
| Enter hero's abilities submenu | 7 | |
| Give item / drop item | 3 | |
| Remove unit from queue | 1 | |
| Right click | 1052 | |
| Select / deselect | 257 | |
| Select group hotkey | 719 | |
| Use ability | 93 | |
2428 total
» units
| Peon | 11 | |
| Grunt | 3 | |
| Goblin Shredder | 2 | |
| Wind Rider | 13 | |
| Troll Batrider | 2 | |
31 total
» upgrades
| Ranged Weapons | 2 | |
| Armor | 2 | |
| Reinforced Defenses | 1 | |
| Envenomed Spears | 1 | |
| Liquid Fire | 1 | |
7 total
» buildings
| Altar of Storms | 1 | |
| Orc Burrow | 7 | |
| Barracks | 1 | |
| Voodoo Lounge | 1 | |
| Stronghold | 2 | |
| War Mill | 1 | |
| Great Hall | 3 | |
| Watch Tower | 21 | |
| Beastiary | 3 | |
| Fortress | 1 | |
41 total
» build order
00:08 Altar of Storms
00:22 Orc Burrow
00:37 Barracks
01:26 Orc Burrow
01:56 Voodoo Lounge
02:53 Stronghold
02:53 Stronghold
03:20 War Mill
03:58 Great Hall
04:41 Orc Burrow
06:29 Watch Tower
06:30 Watch Tower
06:50 Watch Tower
06:55 Watch Tower
07:06 Beastiary
07:25 Beastiary
08:00 Watch Tower
08:00 Watch Tower
08:01 Watch Tower
08:01 Watch Tower
08:07 Watch Tower
08:46 Fortress
09:44 Watch Tower
09:46 Watch Tower
09:56 Watch Tower
11:01 Watch Tower
11:28 Beastiary
11:31 Orc Burrow
11:31 Orc Burrow
13:39 Orc Burrow
14:37 Watch Tower
14:37 Watch Tower
14:41 Watch Tower
14:42 Watch Tower
15:18 Watch Tower
15:21 Watch Tower
18:36 Watch Tower
18:36 Watch Tower
19:47 Great Hall
21:18 Great Hall
22:12 Orc Burrow
» items
| Healing Salve | 3 | |
| Scroll of Town Portal | 2 | |
| Staff of Teleportation | 1 | |
| Potion of Lesser Invulnerability | 1 | |
7 total
bomyunny (
pink | 60 APM | 1760 actions | 29:15)
4 Archmage
2 Blizzard
2 Brilliance Aura
4 Pit Lord
2 Rain of Fire
2 Howl of Terror
» actions
| Assign group hotkey | 15 | |
| Basic commands | 61 | |
| Build / train | 69 | |
| ESC pressed | 1 | |
| Enter build submenu | 34 | |
| Enter hero's abilities submenu | 8 | |
| Give item / drop item | 3 | |
| Right click | 725 | |
| Select / deselect | 374 | |
| Select group hotkey | 361 | |
| Use ability | 109 | |
1760 total
» units
| Peasant | 10 | |
| Mortar Team | 6 | |
| Sorceress | 2 | |
| Flying Machine | 5 | |
23 total
» upgrades
| Gunpowder | 3 | |
| Lumber Harvesting | 2 | |
| Sorceress Training | 1 | |
| Magic Sentry | 1 | |
| Flare | 1 | |
| Plating | 1 | |
| Masonry | 2 | |
| Fragmentation Shards | 1 | |
| Flak Cannons | 1 | |
| Barrage | 1 | |
14 total
» buildings
| Lumber Mill | 1 | |
| Altar of Kings | 2 | |
| Farm | 15 | |
| Scout Tower | 6 | |
| Arcane Tower | 2 | |
| Keep | 1 | |
| Blacksmith | 1 | |
| Workshop | 3 | |
| Arcane Sanctum | 1 | |
| Castle | 1 | |
| Arcane Vault | 1 | |
| Guard Tower | 2 | |
36 total
» build order
00:37 Lumber Mill
00:51 Altar of Kings
01:01 Farm
01:49 Farm
02:00 Scout Tower
02:33 Farm
02:38 Scout Tower
02:40 Arcane Tower
03:06 Arcane Tower
03:31 Keep
04:08 Blacksmith
04:25 Farm
04:27 Farm
04:48 Farm
04:58 Farm
05:54 Farm
05:59 Workshop
06:01 Workshop
06:04 Arcane Sanctum
10:27 Castle
10:35 Arcane Vault
11:34 Scout Tower
11:35 Scout Tower
11:36 Scout Tower
13:35 Guard Tower
13:44 Scout Tower
14:28 Guard Tower
15:49 Workshop
20:33 Farm
20:33 Farm
20:34 Farm
20:34 Farm
20:36 Farm
20:37 Farm
25:00 Altar of Kings
25:05 Farm
» items
| Healing Salve | 2 | |
| Dust of Appearance | 1 | |
| Scroll of Town Portal | 3 | |
| Staff of Sanctuary | 1 | |
| Potion of Healing | 2 | |
| Scroll of Regeneration | 1 | |
| Mechanical Critter | 2 | |
| Scroll of Speed | 1 | |
| Orb of Lightning | 1 | |
14 total
WhisperDeath (
orange | 52 APM | 1499 actions | 28:47)
3 Dreadlord
2 Sleep
1 Vampiric Aura
1 Death Knight
1 Death Coil
» actions
| Build / train | 65 | |
| Enter build submenu | 26 | |
| Enter hero's abilities submenu | 4 | |
| Give item / drop item | 2 | |
| Remove unit from queue | 1 | |
| Right click | 1026 | |
| Select / deselect | 299 | |
| Use ability | 76 | |
1499 total
» units
| Acolyte | 24 | |
| Ghoul | 3 | |
| Crypt Fiend | 5 | |
| Frost Wyrm | 3 | |
35 total
» upgrades
| Web | 1 | |
| Creature Carapace | 1 | |
| Creature Attack | 1 | |
3 total
» buildings
| Altar of Darkness | 2 | |
| Ziggurat | 9 | |
| Crypt | 1 | |
| Graveyard | 1 | |
| Tomb of Relics | 1 | |
| Nerubian Tower | 1 | |
| Halls of the Dead | 1 | |
| Necropolis | 4 | |
| Sacrificial Pit | 1 | |
| Black Citadel | 1 | |
| Spirit Tower | 4 | |
| Boneyard | 3 | |
29 total
» build order
00:11 Altar of Darkness
00:13 Ziggurat
00:38 Crypt
01:05 Graveyard
01:45 Ziggurat
01:49 Tomb of Relics
01:59 Nerubian Tower
04:42 Halls of the Dead
05:08 Ziggurat
06:30 Necropolis
10:35 Sacrificial Pit
10:36 Ziggurat
10:39 Ziggurat
10:46 Black Citadel
10:56 Spirit Tower
12:45 Spirit Tower
13:07 Boneyard
13:09 Boneyard
13:18 Boneyard
13:20 Spirit Tower
13:25 Ziggurat
13:30 Ziggurat
13:32 Ziggurat
16:00 Spirit Tower
19:31 Necropolis
19:54 Necropolis
22:10 Necropolis
23:34 Altar of Darkness
23:36 Ziggurat
» items
| Rod of Necromancy | 2 | |
| Periapt of Vitality | 1 | |
| Boots of Speed | 1 | |
| Scroll of Town Portal | 3 | |
| Orb of Corruption | 1 | |
| Scroll of Healing | 1 | |
| Potion of Lesser Invulnerability | 1 | |
| Scroll of Protection | 1 | |
11 total
team 2 (loser)

»
Burn_SomE_grASS (
purple | 33 APM | 709 actions | 21:12)
3 Naga Sea Witch
2 Frost Arrows
1 Forked Lightning
» actions
| Assign group hotkey | 4 | |
| Basic commands | 2 | |
| Build / train | 53 | |
| Enter build submenu | 20 | |
| Enter hero's abilities submenu | 3 | |
| Give item / drop item | 1 | |
| Remove unit from queue | 1 | |
| Right click | 314 | |
| Select / deselect | 212 | |
| Select group hotkey | 3 | |
| Use ability | 95 | |
709 total
» units
| Peasant | 10 | |
| Footman | 9 | |
| Dragonhawk Rider | 8 | |
| Goblin Zeppelin | 1 | |
28 total
» upgrades
| Defend | 1 | |
| Swords | 2 | |
| Plating | 0 | |
| Armor | 2 | |
| Masonry | 1 | |
| Lumber Harvesting | 1 | |
| Cloud | 1 | |
8 total
» buildings
| Altar of Kings | 1 | |
| Farm | 10 | |
| Barracks | 1 | |
| Scout Tower | 3 | |
| Arcane Vault | 1 | |
| Arcane Tower | 2 | |
| Lumber Mill | 1 | |
| Keep | 1 | |
| Blacksmith | 1 | |
| Gryphon Aviary | 2 | |
| Guard Tower | 1 | |
| Castle | 1 | |
25 total
» build order
00:23 Altar of Kings
00:28 Farm
00:58 Barracks
01:11 Farm
01:31 Scout Tower
01:58 Farm
02:04 Arcane Vault
02:26 Arcane Tower
02:44 Scout Tower
03:07 Farm
03:16 Farm
03:18 Arcane Tower
03:53 Farm
05:07 Lumber Mill
05:12 Keep
05:21 Blacksmith
06:13 Scout Tower
06:16 Farm
08:03 Gryphon Aviary
08:07 Gryphon Aviary
08:18 Guard Tower
09:31 Castle
12:02 Farm
12:03 Farm
16:21 Farm
» items
| Scroll of Regeneration | 2 | |
| Lesser Clarity Potion | 1 | |
| Scroll of Town Portal | 1 | |
| Circlet of Nobility | 1 | |
| Potion of Healing | 1 | |
| Orb of Lightning | 1 | |
7 total

»
Murder4hire (
red | 39 APM | 1062 actions | 27:33)
4 Paladin
2 Holy Light
1 Devotion Aura
1 Divine Shield
3 Archmage
2 Summon Water Elemental
1 Brilliance Aura
» actions
| Assign group hotkey | 6 | |
| Basic commands | 2 | |
| Build / train | 47 | |
| Enter build submenu | 31 | |
| Enter hero's abilities submenu | 7 | |
| Give item / drop item | 3 | |
| Right click | 590 | |
| Select / deselect | 241 | |
| Select group hotkey | 63 | |
| Use ability | 72 | |
1062 total
» units
» upgrades
| Swords | 2 | |
| Plating | 2 | |
| Lumber Harvesting | 1 | |
5 total
» buildings
| Barracks | 2 | |
| Farm | 8 | |
| Altar of Kings | 1 | |
| Keep | 2 | |
| Blacksmith | 1 | |
| Lumber Mill | 1 | |
| Castle | 2 | |
| Arcane Vault | 2 | |
| Town Hall | 3 | |
| Scout Tower | 8 | |
| Guard Tower | 4 | |
34 total
» build order
00:10 Barracks
00:15 Farm
00:30 Altar of Kings
00:59 Farm
01:55 Farm
02:45 Farm
03:15 Keep
03:34 Blacksmith
04:07 Lumber Mill
05:04 Farm
05:58 Castle
06:13 Farm
06:50 Arcane Vault
06:54 Arcane Vault
07:04 Barracks
08:16 Town Hall
08:46 Farm
08:50 Farm
13:49 Town Hall
16:48 Keep
19:17 Scout Tower
19:27 Scout Tower
20:16 Scout Tower
20:20 Scout Tower
21:28 Guard Tower
21:43 Scout Tower
21:50 Scout Tower
21:54 Scout Tower
21:59 Castle
22:04 Scout Tower
22:21 Guard Tower
22:32 Guard Tower
23:02 Guard Tower
25:47 Town Hall
» items
| Scroll of Regeneration | 1 | |
| Orb of Fire | 1 | |
2 total
Delorean (
yellow | 68 APM | 2636 actions | 38:40)
9 Blademaster
3 Wind Walk
3 Critical Strike
1 Bladestorm
2 Mirror Image
» actions
| Assign group hotkey | 55 | |
| Basic commands | 34 | |
| Build / train | 68 | |
| Enter build submenu | 56 | |
| Enter hero's abilities submenu | 9 | |
| Give item / drop item | 5 | |
| Right click | 1151 | |
| Select / deselect | 335 | |
| Select group hotkey | 757 | |
| Use ability | 166 | |
2636 total
» units
| Peon | 15 | |
| Grunt | 4 | |
| Goblin Shredder | 1 | |
| Goblin Zeppelin | 1 | |
| Green Dragon | 3 | |
| Troll Batrider | 2 | |
26 total
» upgrades
| Armor | 3 | |
| Ranged Weapons | 3 | |
| Reinforced Defenses | 1 | |
| Troll Regeneration | 1 | |
| Liquid Fire | 1 | |
9 total
» buildings
| Orc Burrow | 7 | |
| Altar of Storms | 1 | |
| Barracks | 1 | |
| Voodoo Lounge | 1 | |
| Stronghold | 2 | |
| Great Hall | 6 | |
| War Mill | 2 | |
| Watch Tower | 35 | |
| Fortress | 2 | |
| Beastiary | 11 | |
68 total
» build order
00:11 Orc Burrow
01:01 Orc Burrow
01:07 Altar of Storms
01:09 Barracks
01:53 Voodoo Lounge
02:51 Stronghold
04:24 Great Hall
04:33 War Mill
04:55 Orc Burrow
07:07 Watch Tower
07:08 Watch Tower
07:08 Watch Tower
07:10 Watch Tower
07:53 Fortress
07:56 Watch Tower
07:57 Watch Tower
08:01 Watch Tower
08:44 Orc Burrow
10:35 War Mill
12:07 Beastiary
12:07 Beastiary
12:10 Beastiary
12:30 Beastiary
13:36 Great Hall
13:40 Great Hall
13:42 Watch Tower
13:43 Watch Tower
13:43 Watch Tower
13:46 Watch Tower
13:46 Watch Tower
13:46 Watch Tower
13:54 Watch Tower
13:54 Watch Tower
13:55 Watch Tower
13:56 Watch Tower
13:57 Watch Tower
13:57 Watch Tower
13:59 Watch Tower
13:59 Watch Tower
14:00 Watch Tower
17:20 Stronghold
19:16 Watch Tower
19:16 Watch Tower
19:17 Watch Tower
19:17 Watch Tower
19:18 Watch Tower
19:19 Watch Tower
19:20 Watch Tower
19:20 Watch Tower
23:47 Fortress
24:36 Beastiary
24:36 Beastiary
24:39 Beastiary
24:41 Beastiary
24:47 Beastiary
24:47 Beastiary
24:48 Beastiary
26:38 Orc Burrow
26:42 Orc Burrow
26:54 Orc Burrow
26:59 Great Hall
27:03 Watch Tower
27:04 Watch Tower
27:05 Watch Tower
28:24 Great Hall
37:53 Great Hall
» items
| Healing Salve | 6 | |
| Lesser Clarity Potion | 3 | |
| Potion of Mana | 2 | |
| Orb of Lightning | 1 | |
| Potion of Healing | 2 | |
| Boots of Speed | 1 | |
| Staff of Teleportation | 1 | |
| Periapt of Vitality | 1 | |
| Potion of Lesser Invulnerability | 1 | |
| Circlet of Nobility | 1 | |
19 total

»
SackTheRipper (
green | 40 APM | 1080 actions | 27:05)
4 Tauren Chieftain
2 Shockwave
2 Endurance Aura
3 Shadow Hunter
2 Healing Wave
1 Hex
1 Naga Sea Witch
1 Forked Lightning
» actions
| Build / train | 68 | |
| Enter build submenu | 25 | |
| Enter hero's abilities submenu | 8 | |
| Give item / drop item | 3 | |
| Right click | 560 | |
| Select / deselect | 347 | |
| Use ability | 69 | |
1080 total
» units
| Peon | 17 | |
| Grunt | 1 | |
| Troll Headhunter/Berserker | 11 | |
| Troll Witch Doctor | 5 | |
| Shaman | 2 | |
36 total
» upgrades
| Ranged Weapons | 3 | |
| Armor | 3 | |
| Troll Regeneration | 1 | |
| Berserker Upgrade | 1 | |
| Witch Doctor Training | 2 | |
| Shaman Training | 2 | |
| Reinforced Defenses | 1 | |
13 total
» buildings
| Altar of Storms | 1 | |
| Orc Burrow | 9 | |
| Barracks | 2 | |
| Voodoo Lounge | 1 | |
| War Mill | 1 | |
| Stronghold | 1 | |
| Great Hall | 1 | |
| Fortress | 1 | |
| Watch Tower | 6 | |
| Spirit Lodge | 2 | |
25 total
» build order
00:30 Altar of Storms
00:49 Orc Burrow
01:41 Barracks
01:48 Orc Burrow
02:27 Voodoo Lounge
02:37 Barracks
02:50 War Mill
03:18 Orc Burrow
04:47 Stronghold
05:47 Great Hall
06:36 Orc Burrow
06:39 Orc Burrow
08:16 Fortress
09:20 Watch Tower
10:04 Watch Tower
10:14 Spirit Lodge
10:18 Orc Burrow
10:52 Spirit Lodge
11:47 Orc Burrow
11:53 Watch Tower
14:13 Orc Burrow
14:18 Watch Tower
14:23 Watch Tower
16:28 Orc Burrow
16:31 Watch Tower
» items
| Healing Salve | 2 | |
| Lesser Clarity Potion | 2 | |
| Orb of Lightning | 1 | |
| Scroll of Town Portal | 1 | |
| Potion of Healing | 1 | |
7 total
Chat log
(00:45 / Allies) Knight-1: lets go for the throat
(00:54 / Allies) OLD-RED-WOMAN: wyvern bats gonna fast expo
(01:53 / Allies) Knight-1: I will help you creep it
(01:58 / Allies) OLD-RED-WOMAN: thx
(02:09 / Allies) Knight-1: can I say
(02:11 / Allies) Knight-1: that your name
(02:13 / Allies) Knight-1: is weird
(02:31 / Allies) OLD-RED-WOMAN: game of throne reference
(02:43 / Allies) Knight-1: people been talking alot lately about it
(02:46 / Allies) Knight-1: new season out?
(02:55 / Allies) WhisperDeath: soon
(03:10 / Allies) OLD-RED-WOMAN: it sucked first episode tonight
(06:12 / Allies) OLD-RED-WOMAN: always do that lawl
(06:54 / Allies) Knight-1: what a lame map
(06:56 / Allies) Knight-1: for wood
(07:14 / Allies) OLD-RED-WOMAN: lets hit bot left or harass guys
(07:15 / Allies) OLD-RED-WOMAN: or scout
(07:18 / Allies) OLD-RED-WOMAN: need a 3rd
(07:30 / Allies) Knight-1: fuck
(07:52 / Allies) WhisperDeath: \wow
(08:13 / Allies) WhisperDeath: why the fuck would u wake
(08:18 / All) OLD-RED-WOMAN: who
(08:21 / Allies) WhisperDeath: could took all units
(08:26 / All) OLD-RED-WOMAN: awfully convenient
(08:27 / Allies) WhisperDeath: the tc
(08:42 / Allies) WhisperDeath: u fucking noobs
(08:52 / All) Burn_SomE_grASS: fuck ur shade teal
(08:58 / Allies) Knight-1: lol
(09:00 / Allies) Knight-1: how he knows
(09:02 / Allies) WhisperDeath: fuck ur meth mouth nigger
(09:04 / Allies) OLD-RED-WOMAN: hacks?
(09:04 / All) Knight-1: what shade?
(10:04 / Allies) OLD-RED-WOMAN: leave shade halfway point
(10:16 / All) Delorean: fuck I| needed boots
(10:35 / Allies) OLD-RED-WOMAN: come teal
(10:37 / Allies) OLD-RED-WOMAN: i focus heroes
(10:38 / Allies) OLD-RED-WOMAN: lets go
(11:47 / Allies) OLD-RED-WOMAN: remember focus heores
(13:58 / Allies) OLD-RED-WOMAN: shoujld have focused greens tc
(14:00 / Allies) OLD-RED-WOMAN: like is aid
(14:05 / Allies) Knight-1: wyrms
(14:07 / Allies) Knight-1: were all
(14:10 / Allies) Knight-1: shackled
(14:11 / Allies) OLD-RED-WOMAN: ur coil
(14:19 / All) Delorean: not one ally tried to tp or anyhting
(14:24 / Allies) Knight-1: bleh coiled my unit
(14:30 / Allies) Knight-1: 385 gold 120 wood
(15:03 / Allies) OLD-RED-WOMAN: lets hit again
(15:05 / Allies) OLD-RED-WOMAN: focus heroes then hawks
(16:04 / Allies) OLD-RED-WOMAN: pink hit purple
(17:43 / Allies) OLD-RED-WOMAN: kill gren towers expo
(18:03 / Allies) WhisperDeath: nice
(18:22 / Allies) OLD-RED-WOMAN: guys kill his expo towers
(18:24 / Allies) OLD-RED-WOMAN: so i can expo
(18:43 / Allies) OLD-RED-WOMAN: teal
(18:45 / Allies) OLD-RED-WOMAN: kill his h
(18:46 / All) Delorean: faggot fucking orange
(18:48 / Allies) OLD-RED-WOMAN: towers
(19:01 / Allies) Knight-1: pink is mort
(20:32 / All) Delorean: sit around here with our thumbs up our ass I guess
(21:54 / Allies) OLD-RED-WOMAN: just feed me
(21:55 / Allies) OLD-RED-WOMAN: oj
(22:51 / Allies) WhisperDeath: make unitds
(23:05 / Allies) OLD-RED-WOMAN: copters ar euseless
(23:51 / Allies) Knight-1: wtf?
(24:39 / Allies) Knight-1: plan now?
(24:40 / Allies) WhisperDeath: wow u fucks are bad
(25:09 / Allies) WhisperDeath: teal u really should just leave
(25:15 / Allies) Knight-1: ?
(25:24 / Allies) WhisperDeath: go be usful
(25:27 / Allies) Knight-1: I cant tp
(25:33 / Allies) Knight-1: on a farm
(25:45 / Allies) Knight-1: blue?
(25:47 / Allies) WhisperDeath: share control
(26:07 / Allies) WhisperDeath: this fucking nogger
(26:10 / Allies) WhisperDeath: nigger
(27:19 / Allies) WhisperDeath: lol
(28:04 / All) OLD-RED-WOMAN: no point oj
(28:05 / Allies) Knight-1: what to do now
(28:19 / Allies) Knight-1: im not gonna kill him
(28:21 / Allies) Knight-1: because he hates you
(28:21 / Allies) WhisperDeath: blues a nigger
(28:33 / Allies) WhisperDeath: your a terrible player
(28:43 / Allies) WhisperDeath: both of you fags lover
(29:28 / Allies) Knight-1: why would you game of throws us
(29:35 / Allies) Knight-1: ...
(30:10 / All) Delorean: my team was seriously stupid
(30:11 / All) Knight-1: has left the game.
(30:16 / All) Delorean: pink was in my base a good long time and no one tped
(30:18 / All) OLD-RED-WOMAN: want to just give teal the win? I liked him
(30:20 / All) Delorean: I aws the one tping my hero
(30:28 / All) Delorean: nope
(30:32 / All) Knight-1: What happened?
(30:36 / All) Knight-1: what was all the jukes about
(30:37 / All) Delorean: fag had shades in my base
(30:43 / All) Knight-1: Game of Throws
(30:55 / All) OLD-RED-WOMAN: i couldnt watch pink because i was cosntantly fighting green and purple; purple hacked btw
(31:19 / All) Knight-1: so im staying for no reason now?
(31:23 / All) Delorean: do you know he hacked because I discovered shades in my base
(31:28 / All) Delorean: because I couldn't bnuild at a spot
(31:32 / All) Delorean: and revealed it to see shades
(31:37 / All) OLD-RED-WOMAN: no he called our teals shade when it was at purples base
(31:46 / All) OLD-RED-WOMAN: and following it
(31:50 / All) Knight-1: Yeah so why you making him win :(
(31:57 / All) OLD-RED-WOMAN: he'd get a tie not a win
(32:06 / All) Delorean: he's low level anyway
(32:09 / All) OLD-RED-WOMAN: if u want the win u gotta ask yellow teal
(32:09 / All) Knight-1: so we get a loss
(32:12 / All) Knight-1: for 1 person
(32:13 / All) Delorean: 3-2
(32:15 / All) OLD-RED-WOMAN: id give it to u if it were up to me
(32:26 / All) Knight-1: well who plays to lose ...
(32:41 / All) Delorean: if he mhed he is serious tard
(32:49 / All) Delorean: could have raped pink before he raped me
(32:58 / All) Knight-1: no one in our team mh
(33:01 / All) Delorean: he also traveled all the way across map to net teal's wyrms
(33:05 / All) OLD-RED-WOMAN: and i didnt think pink and oj were that formidable; didnt think they'd do anything tou
(33:06 / All) Knight-1: I had shades everywhere
(33:07 / All) Delorean: instead of fucking clouding towers like we asked him to
(33:15 / All) Delorean: we were waiting for him to cloud instead he traveled across map
(33:35 / All) OLD-RED-WOMAN: he sent his hawks at his base for some reason
(33:38 / All) OLD-RED-WOMAN: i owned them all there
(33:45 / All) Delorean: he was a retard
(34:18 / All) OLD-RED-WOMAN: im sure if u ask teal trivia questions he may abide
(34:26 / All) Knight-1: well im sad
(34:44 / All) Knight-1: can't believe blue turn out to be
(34:49 / All) Knight-1: a game of throws
(34:55 / All) Knight-1: and a Betrayer Of The Light
(35:05 / All) Delorean: why do you keep saying game of throws
(35:15 / All) Knight-1: well we were winning
(35:20 / All) Knight-1: so game of throws
(35:23 / All) Knight-1: he makes weird alliance with you
(35:28 / All) Delorean: as in he threw the game
(35:32 / All) OLD-RED-WOMAN: last building
(35:34 / All) Knight-1: yeah
(35:36 / All) Delorean: or is that what you think the show/book is called
(35:39 / All) OLD-RED-WOMAN: i have to rewatch game see if purple hacked
(35:46 / All) OLD-RED-WOMAN: teal how did he know ur shade was there
(35:49 / All) Knight-1: what does it matter who hacks or not
(35:56 / All) OLD-RED-WOMAN: for future games
(35:57 / All) Knight-1: what can you do about it
(36:02 / All) Knight-1: make innocent people like me
(36:04 / All) OLD-RED-WOMAN: good to know, tk hackers
(36:04 / All) Knight-1: pay for it
(36:06 / All) Knight-1: and now I have a lose
(36:09 / All) OLD-RED-WOMAN: if u leave
(36:10 / All) OLD-RED-WOMAN: teal
(36:11 / All) Knight-1: when I was innocent
(36:11 / All) OLD-RED-WOMAN: u get a tie
(36:15 / All) OLD-RED-WOMAN: not a loss
(36:18 / All) OLD-RED-WOMAN: illwhisper u after
(36:19 / All) OLD-RED-WOMAN: to confirm
(36:22 / All) Knight-1: how can I believe you
(36:22 / All) OLD-RED-WOMAN: u have 24 losses
(36:33 / All) OLD-RED-WOMAN: i have no reason to lie to u; ur record isnt like 40-0 or anything
(36:36 / All) OLD-RED-WOMAN: lol
(36:44 / All) Knight-1: yeah well
(36:46 / All) OLD-RED-WOMAN: u have 24 losses now, if u leave
(36:47 / All) Knight-1: you backstabbed us
(36:49 / All) Knight-1: just for a hacker
(36:49 / All) Delorean: pink has a terrible rec
(37:00 / All) Delorean: lucky POS
(37:00 / All) OLD-RED-WOMAN: u'll sitll have 24 losses
(37:17 / All) Knight-1: you are not getting a win
(37:17 / All) OLD-RED-WOMAN: i didnt really tk, just yellow is my friend we do this
(37:18 / All) Knight-1: if im not
(37:21 / All) Knight-1: rather lose
(37:23 / All) OLD-RED-WOMAN: ur right,
(37:24 / All) Knight-1: then give you a win also
(37:24 / All) Delorean: I should have TPed my hero right away
(37:26 / All) OLD-RED-WOMAN: its a tie
(37:30 / All) Delorean: but I thought some of my team would help me
(37:33 / All) Knight-1: there is no tie
(37:36 / All) Knight-1: yellow get the win
(37:38 / Allies) OLD-RED-WOMAN: im on 0-0 acct teal, wins losses mean nothing
(37:39 / All) Knight-1: we get both a loss
(37:46 / All) OLD-RED-WOMAN: there is. a tie means the game basically never happened for u
(38:05 / All) Knight-1: all that to offer me a tie
(38:10 / All) Knight-1: if it was 0-0
(38:11 / All) OLD-RED-WOMAN: better than a loss
(38:18 / All) Knight-1: well I have all day
(38:19 / All) Knight-1: afk
(38:32 / All) OLD-RED-WOMAN: teal its really simple, if u leave, u dont get a loss, cuz we WANT his team to lose for being nonhelpful to him
(38:36 / All) Delorean: 2 sec lol
(38:39 / All) Delorean: you lose